 Dungeon Crawl Stone Soup version 0.30-a0-297-g0ec75d9ef4 (webtiles) character file.

Game seed: 7635069014178407451

635 Low2 the Ducker (level 7, -6/58 HPs)
             Began as a Minotaur Gladiator on Oct 19, 2022.
             Was a Priest of Cheibriados.
             Killed by an exploding gnoll (30 damage)
             ... ignited by their inner flame
             ... on level 6 of the Dungeon.
             The game lasted 00:15:47 (2082 turns).

Low2 the Ducker (Minotaur Gladiator)                Turns: 2082, Time: 00:15:47

Health: -6/58      AC: 14    Str: 25    XL:     7   Next: 25%
Magic:  6/6        EV:  9    Int: 12    God:    Cheibriados [***...]
Gold:   150        SH:  0    Dex: 21    Spells: 6/6 levels left

rFire   . . .      SeeInvis .    g - +0 spear (vamp)
rCold   . . .      Faith    .    (no shield)
rNeg    . . .      Spirit   .    x - +0 plate armour
rPois   .          Reflect  .    c - +0 hat
rElec   .          Harm     .    (no cloak)
rCorr   .          Rampage  .    n - +2 pair of gloves
Will    .....                    (no boots)
Stlth   ..........               (no amulet)
HPRegen 0.29/turn                (no ring)
MPRegen 0.10/turn                (no ring)

@: weakened, very slow
A: horns 2, retaliatory headbutt
a: Renounce Religion, Bend Time, Temporal Distortion


You were on level 6 of the Dungeon.
You worshipped Cheibriados.
Cheibriados was most pleased with you.
You visited 1 branch of the dungeon, and saw 6 of its levels.

You collected 150 gold pieces.

Inventory:

Hand Weapons
 a - a +0 quarterstaff
 g - a +0 vampiric spear (weapon)
 B - a +0 dagger of protection
Missiles
 e - a javelin
 m - 8 poisoned darts
 r - 2 boomerangs
 A - 3 datura-tipped darts (quivered)
Armour
 b - a +0 leather armour
 c - a +0 hat (worn)
 n - a +2 pair of gloves (worn)
 p - a +0 ring mail
 x - a +0 plate armour (worn)
Jewellery
 i - a ring of resist corrosion
 v - a ring of poison resistance
Scrolls
 k - a scroll of teleportation {unknown}
 q - a scroll of poison {unknown}
 s - a scroll of magic mapping {unknown}
 t - 3 scrolls of fog
 w - a scroll of amnesia {unknown}
 y - a scroll of enchant weapon {unknown}
 C - a scroll of fear {unknown}
 D - a scroll of noise {unknown}
 E - a scroll of blinking {unknown}
 F - a scroll of silence {unknown}
Potions
 f - 2 potions of mutation
 h - a potion of degeneration
 j - a potion of magic
 l - a potion of curing
 o - a potion of cancellation {unknown}
 u - a potion of resistance {unknown}
 z - a potion of invisibility
 H - a potion of flight {unknown}


   Skills:
 + Level 3.9 Fighting
 + Level 4.1(5.0) Polearms
 + Level 4.3(5.1) Staves
 + Level 4.1 Throwing
 + Level 3.7 Armour
 + Level 4.4 Dodging
 + Level 1.6 Stealth


You had 6 spell levels left.
You didn't know any spells.
Your spell library contained the following spells:

 Spells                   Type           Power      Damage    Failure   Level
 Blink                    Tloc           0%         N/A       100%        2
 Momentum Strike          Conj/Tloc      0%         3d8       100%        2
 Lesser Beckoning         Tloc           0%         N/A       100%        3


Dungeon Overview and Level Annotations

Branches:
Dungeon (6/15)
 Temple: D:4-7

Altars:
Cheibriados
Hepliaklqana
Kikubaaqudgha


Innate Abilities, Weirdness & Mutations

You have a pair of horns on your head.
You reflexively headbutt those who attack you in melee.


Message History

The gnoll hits you from afar with a +0 halberd.
The gnoll hits you but does no damage. x2
The gnoll hits you with a +0 halberd. The gnoll hits you but does no damage.
The gnoll hits you with a +0 halberd!
The gnoll bouda attacks as you move away!
The gnoll bouda hits you but does no damage.
The gnoll hits you but does no damage. x2
Throw: 4 darts (datura)
Press: ? - help, Q - select action, (/) - cycle Shift-Dir - straight line, f/p - gnoll
Aim: a gnoll, wielding a +0 spear (lightly wounded, covering ground quickly, 69% to hit, chance to frenzy on hit: 100%)
You throw a datura-tipped dart. The datura-tipped dart hits the gnoll.
The gnoll flies into a frenzy!
Cheibriados thinks you should slow down.
You feel very guilty. "You will pay for your transgression, mortal!"
The gnoll hits you from afar with a +0 halberd.
The gnoll closely misses you.
The gnoll hits the gnoll with a +0 club!
As you read the scroll of immolation, it crumbles to dust.
The creatures around you are filled with an inner flame!
The gnoll bouda gazes fiercely through you!
You feel your attacks grow feeble.
The gnoll bouda hits you with a +0 whip.
The gnoll hits the gnoll with a +0 club!
Flame seeps out of the gnoll.
The gnoll hits you but does no damage.
The gnoll is engulfed in blazing flames.
Cheibriados appreciates the change of pace.
Cheibriados seems mollified.
Cheibriados restores the support of your attributes.
The gnoll explodes!
The fiery explosion engulfs the gnoll!!
Cheibriados thoroughly appreciates the change of pace.
The fiery explosion engulfs the gnoll!!!
Cheibriados appreciates the change of pace.
The gnoll explodes!
The fiery explosion engulfs the gnoll bouda!!
Cheibriados thoroughly appreciates the change of pace.
The fiery explosion engulfs you!!
Ouch! That really hurt!
You die...

..... ..
.....###..
.:...#... #
....... .# ....#
.## ....####§§##
....
.>.....!○§g#.....
........#§)..##
....#. #@##..#
#....##.#..##
#..#......#
###......##
#<....### ##....#
#...## #####


You could see a gnoll (inner flame, swift).

Vanquished Creatures
  A centaur (D:5)
  2 phantoms (D:5)
  3 hounds
  A jelly (D:4)
  A gnoll bouda (D:6)
  3 orc priests (D:4)
  2 orc wizards
  An adder (D:2)
  8 gnolls
  2 white imps (D:5)
  2 worms
  9 orcs
  6 ball pythons
  4 bats (D:3)
  3 endoplasms
  5 giant cockroaches
  4 goblins
  3 hobgoblins
  8 jackals
  A quokka (D:4)
  3 frilled lizards
  7 kobolds
  3 rats (D:1)
82 creatures vanquished.

Vanquished Creatures (others)
  A fungus (D:2)
  5 plants (D:2)
6 creatures vanquished.

Grand Total: 88 creatures vanquished

Notes
Turn   | Place    | Note
-------+----------+-------------------------------------------
     0 | D:1      | Low2 the Minotaur Gladiator began the quest for the Orb.
     0 | D:1      | Reached XP level 1. HP: 18/18 MP: 0/0
    95 | D:1      | Reached XP level 2. HP: 12/25 MP: 1/1
   452 | D:2      | Found a faded altar of an unknown god.
   475 | D:2      | Prayed at the altar of an unknown god.
   475 | D:2      | Became a worshipper of Cheibriados the Contemplative
   475 | D:2      | Reached * piety under Cheibriados
   516 | D:2      | Reached XP level 3. HP: 26/30 MP: 2/2
   558 | D:2      | Reached skill level 1 in Armour
  1007 | D:3      | Reached ** piety under Cheibriados
  1053 | D:3      | Reached XP level 4. HP: 38/38 MP: 3/3
  1060 | D:3      | Reached skill level 1 in Polearms
  1147 | D:3      | Found a hazy altar of Hepliaklqana.
  1295 | D:4      | Found an ancient bone altar of Kikubaaqudgha.
  1330 | D:4      | Reached XP level 5. HP: 45/45 MP: 4/4
  1355 | D:4      | Reached skill level 1 in Stealth
  1586 | D:4      | Reached XP level 6. HP: 51/51 MP: 5/5
  1599 | D:4      | Reached *** piety under Cheibriados
  1727 | D:5      | Entered Level 5 of the Dungeon
  1913 | D:5      | Reached XP level 7. HP: 46/58 MP: 6/6
  2081 | D:6      | Was placed under penance by Cheibriados
  2082 | D:6      | Was forgiven by Cheibriados
  2082 | D:6      | Killed by an exploding gnoll... ignited by their inner
                  | flame

Illustrated notes

Levels and vault maps discovered:
D:1:      minmay_arrival_three_doors, layout_basic
D:2:      layout_basic, shapermc_ecumenical_altar_hornbeckon,
          grunt_decor_junction, minmay_quadrilaterals
D:3:      layout_loops_ring, amcnicky_altar_gilded, minmay_circle_x
D:4:      layout_loops_ring, mainiacjoe_overflow_tiny_flanked
D:5:      layout_cave_pools, nicolae_wu_jian_wuxing_cycle
D:6:      layout_cave_pools, serial_shops, shop, hangedman_decor_riveting,
          nicolae_lava_and_water, kb_lookout_dungeons_type

Skill      XL: |  1  2  3  4  5  6  7 |
---------------+----------------------+-----
Staves         | 4 |  4.3
Armour         | 1 2 3 |  3.7
Fighting       | 3 |  3.9
Polearms       | 1 2 3 4 |  4.1
Dodging        | 4 |  4.4
Stealth        | 1 |  1.6
Throwing       | 3 4 |  4.1

Action                   |  1- 3 |  4- 6 |  7- 9 || total
-------------------------+-------+-------+-------++-------
Melee: Spear             |   114 |    63 |    15 ||   192
       Quarterstaff      |     2 |       |       ||     2
       Headbutt          |    24 |    18 |     3 ||    45
       Punch             |     4 |       |       ||     4
Throw: Throwing net      |     8 |     1 |       ||     9
       Dart              |     3 |     8 |     1 ||    12
       Javelin           |     2 |     2 |       ||     4
       Boomerang         |       |    24 |     4 ||    28
  Use: Scroll            |       |     6 |     2 ||     8
 Stab: Held in net/web   |     2 |       |       ||     2
       Sleeping          |     1 |     1 |       ||     2
       Distracted        |     1 |       |       ||     1
Armor: Leather armour    |    28 |     4 |       ||    32
       Ring mail         |       |    16 |       ||    16
       Plate armour      |       |    22 |    32 ||    54
Dodge: Dodged            |    84 |    56 |    21 ||   161

Table legend: (Time is in decaauts)
 A = Elapsed time spent in this place.
 B = Non-inter-level travel time spent in this place.
 C = Inter-level travel time spent in this place.
 D = Time resting spent in this place.
 E = Time spent auto-exploring this place.
 F = Levels seen in this place.
 G = Mean time per level.
                   A        B        C        D        E       F      G
               +--------+--------+--------+--------+--------+-----+--------+
         Total |   2641 |   2641 |      0 |    273 |      0 |   6 |  440.2 |
       Dungeon |   2641 |   2641 |      0 |    273 |      0 |   6 |  440.2 |
               +--------+--------+--------+--------+--------+-----+--------+

Top non-repeatable levels by time:
     D:4: 607 daAuts
     D:3: 598 daAuts
     D:2: 579 daAuts
     D:5: 500 daAuts
     D:1: 327 daAuts
     D:6: 27 daAuts
